Cogmind - Beta 13 X1 @@@ ROGUE MODE // 2023.07.22 @ 23:16:09 Player: biogoob Result: Destroyed by 30-9G7(R) with Subdweller Machine Gun Performance ------------- Evolutions (0) 0 Regions Visited (2) 400 Robots Destroyed (12) 60 Value Destroyed (301) 301 Prototype IDs (1) 20 Alien Tech Used (0) 0 Bonus (0) 0 TOTAL SCORE: 781 Bonus ------- None Cogmind --------- Core Integrity 0/250 Matter 9/300 Energy 280/280 System Corruption 0% Temperature Cool (0) Movement Treading (240) Ox1 Location -10/Subcaves Parts ------- > --- POWER (1) -------- Heavy Ion Engine > --- PROPULSION (2) --- Light Treads > --- UTILITY (2) ------ Small Storage Unit Large Storage Unit > --- WEAPON (2) ------- Light Assault Rifle > --- INVENTORY (15) --- Light Ion Engine Light Ion Engine Light Ion Engine Heavy Ion Engine Aluminum Leg Aluminum Leg Aluminum Leg Wheel Compact Wheel Subdweller Optics Small Laser Rocket Launcher Scrap Shield Fragment (49) Scrap Shield Fragment (48) Scrap Shield Fragment (31) Peak State ------------ > --- POWER ------------ Heavy Ion Engine > --- PROPULSION ------- Light Treads Light Treads > --- UTILITY ---------- Small Storage Unit Large Storage Unit > --- WEAPON ----------- Light Assault Rifle Rocket Launcher > --- INVENTORY -------- Light Ion Engine Light Ion Engine Light Ion Engine Heavy Ion Engine Aluminum Leg Aluminum Leg Aluminum Leg Wheel Compact Wheel Subdweller Optics Small Laser Rocket Launcher Scrap Shield Fragment Scrap Shield Fragment [Rating: 12] Favorites ----------- Power Heavy Ion Engine Engine Heavy Ion Engine Propulsion Aluminum Leg Treads Light Treads Leg Aluminum Leg Utility Large Storage Unit Device Shield Generator Storage Large Storage Unit Weapon Assault Rifle Energy Gun Small Laser Ballistic Gun Assault Rifle Launcher Rocket Launcher Build | -11 -10 -10 ------- Run | Jun Mat Sub Slots Evolved . | . . . Power . | . . . Propulsion . | . . . Utility . | . . . Weapon . | . . . Parts Attached 19 | . 10 9 Power 2 | . 2 . Engine 2 | . 2 . Core . | . . . Reactor . | . . . Propulsion 5 | . 3 2 Treads 2 | . . 2 Leg 3 | . 3 . Wheel . | . . . Hover . | . . . Flight . | . . . Utility 3 | . 2 1 Device 1 | . 1 . Storage 2 | . 1 1 Processor . | . . . Hackware . | . . . Protection . | . . . Artifact . | . . . Weapon 9 | . 3 6 Energy Gun . | . . . Energy Cannon . | . . . Ballistic Gun 7 | . 3 4 Ballistic Cannon . | . . . Launcher 2 | . . 2 Special Weapon . | . . . Impact Weapon . | . . . Slashing Weapon . | . . . Piercing Weapon . | . . . Special Melee Weapon . | . . . Unidentified Prototypes 1 | . 1 . Parts Lost 5 | . . 5 Power . | . . . Propulsion 1 | . . 1 Utility 1 | . . 1 Weapon 3 | . . 3 Highest Loss Streak 2 | . . 2 To Critical Strikes . | . . . Average Slot Usage (%) 94 | . 96 91 Engine 14 | . 14 14 Treads 7 | . . 15 Leg 19 | . 28 11 Device 2 | . 1 3 Storage 23 | . 23 22 Energy Gun 3 | . 6 . Ballistic Gun 16 | . 21 10 Launcher 5 | . . 11 Naked Turns . | . . . Heaviest Build 38 | 11 34 38 Greatest Support 40 | 20 20 40 Greatest Overweight (x) 2 | . 2 1 Average Overweight (x) . | . . . Largest Inventory Capacity 15 | . 15 15 Average Capacity 14 | . 13 15 Most Carried 15 | . 14 15 Average Carried 10 | . 7 13 Final Capacity 15 | 8 15 15 Final Carried 15 | 6 14 15 Class Distribution -------------------- 100% | Mutant Dominant Class ---------------- Mutant | -10/Materials Mutant | -10/Subcaves Resources | -11 -10 -10 ----------- Run | Jun Mat Sub Matter Collected 429 | 200 129 100 Remotely . | . . . Salvage Created 253 | . 147 106 Parts 25 | . 14 11 Haulers Intercepted . | . . . Recyclers Shooed . | . . . Parts Field Recycled . | . . . Retrieved Matter . | . . . Parts Self-Destructed 8 | . . 8 Prevented . | . . . Kills | -11 -10 -10 ------- Run | Jun Mat Sub Combat Hostiles Destroyed 12 | . 5 7 Guns 6 | . 5 1 AOE 6 | . . 6 Classes Destroyed 4 | . 2 2 Swarmer 6 | . 3 3 Grunt 2 | . 2 . Artisan 1 | . . 1 Subdweller 4 | . . 4 Best Kill Streak 3 | . 3 3 Combat Bots Only 3 | . 3 3 Max Kills in Single Turn 2 | . 1 2 Gunslinging . | . . . Exploded 2 | . . 2 Melee . | . . . Uniques/NPCs Destroyed . | . . . Combat | -11 -10 -10 -------- Run | Jun Mat Sub Damage Taken 1169 | . 272 897 Core 259 | . 37 222 Absorbed by Shields 89 | . . 89 Core Remaining (%) 100 | 100 . . Volleys Fired 45 | . 14 31 Largest 2 | . 2 2 Hottest 60 | . 60 40 Shots Fired 63 | . 28 35 Gun 40 | . 28 12 Cannon . | . . . Launcher 23 | . . 23 Special . | . . . Kinetic 38 | . 26 12 Thermal 2 | . 2 . Explosive 23 | . . 23 Electromagnetic . | . . . Robot Hit Streak 12 | . 12 5 Robot Miss Streak 5 | . 5 3 Penetration Max . | . . . Secondary Targets . | . . . Shots Hit Robots 29 | . 17 12 Core Hits 20 | . 8 12 Critical Kills . | . . . Critical Parts Destroyed . | . . . Critical Strikes . | . . . Melee Attacks . | . . . Impact . | . . . Slashing . | . . . Piercing . | . . . Sneak Attacks . | . . . Combat Hostiles . | . . . Follow-up Attacks . | . . . Damage Inflicted 1066 | . 223 843 Guns 277 | . 223 54 Cannons . | . . . Explosions 789 | . . 789 Melee . | . . . Ramming . | . . . Kinetic 266 | . 212 54 Thermal 11 | . 11 . Explosive 789 | . . 789 Electromagnetic . | . . . Impact . | . . . Slashing . | . . . Piercing . | . . . Highest Corruption . | . . . Average Corruption . | . . . Corruption Purged . | . . . Corruption Blocked . | . . . Overload Shots . | . . . Overflow Damage 31 | . . 31 Projectiles . | . . . Explosions 31 | . . 31 Melee . | . . . Knockbacks . | . . . Impact . | . . . Kinetic . | . . . Secondary . | . . . Self-Inflicted Damage 238 | . . 238 Shots 10 | . . 10 Rammed . | . . . Targets Rammed . | . . . Kicked . | . . . Crushed . | . . . Highest Temperature 18 | . 18 . Average Temperature 9 | . 9 . Received Heat Transfer 111 | . 69 42 Siege Activations . | . . . Robots Corrupted . | . . . Combat Hostiles . | . . . Parts Fried . | . . . Impact Corruptions . | . . . Robots Melted . | . . . Combat Hostiles . | . . . Parts Melted . | . . . Heat Transferred 25 | . 25 . Parts Sabotaged . | . . . Parts Stolen . | . . . Parts Stripped . | . . . Power Chain Reactions . | . . . Missiles Intercepted . | . . . Alert | -11 -10 -10 ------- Run | Jun Mat Sub Peak Influence 169 | . 169 . Initial . | . . . Average 56 | . 56 . Maximum Alert Level . | . . . Low Security (%) 100 | . 100 . Level 1 . | . . . Level 2 . | . . . Level 3 . | . . . Level 4 . | . . . Level 5 . | . . . High Security . | . . . Max Security . | . . . Squads Dispatched . | . . . Investigation . | . . . Extermination . | . . . Reinforcement . | . . . Assault . | . . . Garrison . | . . . Intercept . | . . . Searches Triggered . | . . . Construction Impeded . | . . . Haulers Reinforced . | . . . Active Scanning Responses . | . . . Cargo Convoy Interrupts . | . . . Stealth | -11 -10 -10 --------- Run | Jun Mat Sub Distress Signals 1 | . 1 . Communications Jammed . | . . . Distress Signals . | . . . Times Spotted 18 | . 9 9 Peak Tracking Total 5 | . 5 3 Tactical Retreats . | . . . Traps | -11 -10 -10 ------- Run | Jun Mat Sub Traps Triggered 1 | . 1 . Indirectly . | . . . Trap Hack Attempts . | . . . Triggered . | . . . Disarmed . | . . . Reprogrammed . | . . . Reused . | . . . Traps Extracted . | . . . Installed . | . . . Triggered . | . . . Machines | -11 -10 -10 ---------- Run | Jun Mat Sub Machines Disabled . | . . . Max in Single Turn . | . . . Machines Repaired . | . . . Machines Sabotaged . | . . . Overloaded Fab Kills . | . . . Hacking | -11 -10 -10 --------- Run | Jun Mat Sub Machines Accessed 1 | . 1 . Terminals 1 | . 1 . Fabricators . | . . . Repair Stations . | . . . Recycling Units . | . . . Scanalyzers . | . . . Garrison Access . | . . . Total Hacks 4 | . 4 . Successful 1 | . 1 . Failed 3 | . 3 . Catastrophic . | . . . Database Lockouts . | . . . Manual 2 | . 2 . Terminals 4 | . 4 . Fabricators . | . . . Repair Stations . | . . . Recycling Units . | . . . Scanalyzers . | . . . Garrison Access . | . . . Terminal Hacks 1 | . 1 . Locate Traps 1 | . 1 . Fabricator Hacks . | . . . Repair Station Hacks . | . . . Recycling Unit Hacks . | . . . Scanalyzer . | . . . Garrison Access Hacks . | . . . Unauthorized Hacks . | . . . Terminals . | . . . Fabricators . | . . . Repair Stations . | . . . Recycling Units . | . . . Scanalyzers . | . . . Garrison Access . | . . . Data Cores Recovered . | . . . Used . | . . . Hacking Detections 1 | . 1 . Full Trace Events . | . . . Feedback Events . | . . . Feedback Blocked . | . . . Robot Schematics Acquired . | . . . Robots Built . | . . . Authchips . | . . . Time . | . . . Total Robot Build Rating . | . . . Part Schematics Acquired . | . . . Parts Built . | . . . Authchips . | . . . Time . | . . . Total Part Build Rating . | . . . Parts Repaired . | . . . Time . | . . . Parts Recycled . | . . . Recycled Matter . | . . . Retrieved Matter . | . . . Retrieved Components . | . . . Parts Scanalyzed . | . . . Part Schematics Acquired . | . . . Parts Damaged . | . . . Bothacking | -11 -10 -10 ------------ Run | Jun Mat Sub Used RIF Installer . | . . . Robots Hacked . | . . . Non-combat . | . . . Combat . | . . . Robot Hacks Applied . | . . . Relay Couplers Released . | . . . Fabnet Peak Effective % . | . . . Robots Rewired . | . . . Allies Hacked . | . . . Hacks Repelled . | . . . Allies | -11 -10 -10 -------- Run | Jun Mat Sub Total Allies . | . . . Largest Group . | . . . Highest-Rated Group . | . . . Highest-Rated Ally . | . . . Total Orders . | . . . Ally Attacks . | . . . Total Damage . | . . . Kills . | . . . Allies Corrupted . | . . . Allies Melted . | . . . Intel | -11 -10 -10 ------- Run | Jun Mat Sub Robot Analysis Total . | . . . Derelict Logs Recovered . | . . . Drone Launches . | . . . Drone Recoveries . | . . . Exploration | -11 -10 -10 ------------- Run | Jun Mat Sub Turns Passed 663 | . 347 316 Spaces Moved 307 | 1 169 137 Core 1 | . 1 . Treads 94 | . . 94 Legs 212 | 1 168 43 Wheels . | . . . Hover . | . . . Flight . | . . . Fastest Speed 120 | 120 120 160 Average Speed 171 | 120 170 172 Slowest Speed 240 | 120 190 240 Overloaded Moves . | . . . Propulsion Burnouts . | . . . Robots Hopped . | . . . Cave-ins Triggered . | . . . Exploration Rate (%) 17 | 2 41 10 Regions Visited 2 Branch Regions 1 Pre-discovered Areas . | . . . Known Exits Taken . | . . . Unknown Exits Taken 2 | 1 1 . Scrap Searched . | . . . Spaces Dug . | . . . Terrain Destroyed 194 | . . 194 Melee . | . . . Projectile . | . . . AOE 194 | . . 194 Terrain Rammed . | . . . Walls Destroyed . | . . . Machines Disabled . | . . . Actions | -11 -10 -10 --------- Run | Jun Mat Sub Total 378 | . 197 181 Wait . | . . . Move 305 | . 168 137 Hop . | . . . Pick Up 7 | . 3 4 Fast Attach 6 | . 6 . Attach 3 | . . 3 Detach 2 | . 2 . Swap 10 | . 4 6 Drop . | . . . Fire 45 | . 14 31 Melee . | . . . Ram . | . . . Kick . | . . . Crush . | . . . Escape Stasis . | . . . Rewire . | . . . Trap . | . . . Miscellaneous . | . . . Route ------- -11/Junkyard -10/Materials (discovered 2 exits: [*Mat] / [*Sub]) -10/Subcaves History --------- Turn | Location | Event 1 | -11/Junkyard | Discovered new exit (range 0) 1 | -11/Junkyard | Entered Materials 271 | -10/Materials | Discovered new exit (range 11) 325 | -10/Materials | Build established: Mutant 337 | -10/Materials | Discovered new exit (range 6) 348 | -10/Materials | Entered Subcaves 434 | -10/Subcaves | Core integrity fell below 50% 580 | -10/Subcaves | Ambushed by angry Subdweller bent on revenge 633 | -10/Subcaves | Ambushed by Subdweller buried in earth 637 | -10/Subcaves | Ambushed by Subdweller buried in earth 645 | -10/Subcaves | Core integrity fell below 20% 658 | -10/Subcaves | Ambushed by Subdweller buried in earth 664 | -10/Subcaves | Destroyed by 30-9G7(R) with Subdweller Machine Gun Last Messages --------------- 00580_ 1W-WSF(R): "WEHOME!" 00580_ 1W-WSF(R) destroyed. 00581_ The unstable cave ceiling collapses. 00587_ Acquired 14 matter. 00590_ The unstable cave ceiling collapses. 00593_ Acquired Sub. Optics. 00596_ Acquired 32 matter. 00599_ Acquired Scrap Shield Fragment. 00627_ 3D-NR0(z): "She is not going to be happy we haven't found any suitable candidates yet." 00634_ 1K-DFJ(R): "ARGHSUB!" 00637_ 1K-DFJ(R) destroyed. 00638_ 30-9G7(R): "ARGHSUB!" 00639_ The unstable cave ceiling collapses. 00648_ Lgt. Treads destroyed. 00650_ The unstable cave ceiling collapses. 00659_ 0Z-JDW(R): "GOODGOOD!" 00659_ The unstable cave ceiling collapses. 00660_ Rocket Launcher destroyed. 00662_ The unstable cave ceiling collapses. Map ----- +----------------------------------------------------+ | ?????????????????????????????????????????????????? | | ?????????????????????????????????????????????????? | | ?????????????????????????????????????????????????? | | ?????????????????????????????????????????????????? | | ?????????????????????????????????????????????????? | | ?????????????????????????????????????????????????? | | ?????????????????????????????????????????????????? | | ?????????????????????????????????????????????????? | | ?????????????????????????????????????????????????? | | ?????????????????????????????????????????????????? | | ?????????????????????????????????????????????????? | | ?????????????????????????????????????????????????? | | ?????????????????????????????????????????????????? | | ?????????????????????????????????????????????????? | | ?????????????????????????????????????????????????? | | ?????????????????????????????????????????????????? | | ?????????????????????? ??????????????????????????? | | ????????????????????? ####??????????????????????? | | ????????????????????? # #?????????????????????? | | ?????????????????????? # ###????????????????### | | ??????????????????????# ##??????????????## # | | ??????????????????????# ###????????????# | | ?????????????????????## #???????????## | | ?????????????????????# # ##??????????# # | | ?????????????????????###$## #???????#### # | | ??????????????????????# @ # #???????# " | | ??????????????????????# # ## ########## | | ??????????????????????## R ## ## | | ???????????????????????# " # # " | | ???????????????????????# " | | ???????????????????????# # | | ???????????????????????# # & # # # # # | | ??????????????????????# R ;#### ### ##### | | ??????????????????????## ##??## #?###???? | | ???????????????????????## ##????######???????? | | ????????????????????????# #####??????????????????? | | ????????????????????????##???????????????????????? | | ?????????????????????????????????????????????????? | | ?????????????????????????????????????????????????? | | ?????????????????????????????????????????????????? | | ?????????????????????????????????????????????????? | | ?????????????????????????????????????????????????? | | ?????????????????????????????????????????????????? | | ?????????????????????????????????????????????????? | | ?????????????????????????????????????????????????? | | ?????????????????????????????????????????????????? | | ?????????????????????????????????????????????????? | | ?????????????????????????????????????????????????? | | ?????????????????????????????????????????????????? | | ?????????????????????????????????????????????????? | +----------------------------------------------------+ Best States ------------- Heat Dissipation 25 Energy Generation 14 Energy Capacity 280 Matter Stores 300 Matter Capacity 300 Sight Range 16 Terrain Scan Density 10 Evasion (%) 55 Recoil Reduction 2 Item Schematics ----------------- None Robot Schematics ------------------ None Fabricated ------------ Nothing Alien Tech Used ----------------- None Achievements -------------- None Challenges ------------ None Game ------ Seed ScanReflectiveRay Manual? 0 Play Time 00:06:59 Cumulative 157.1 hours Start 2023.07.22 @ 23:11:40 End 2023.07.22 @ 23:16:09 Sessions 1 Manual Loads 0 Difficulty Rogue Special Mode None Game No. 176 Rogue 153 Adventurer 19 Explorer 4 Win Type - Total 4 Types 3/0/1/0/0/0/0/0/0 Lore% 53 Gallery% 61 Achievement% 50 Wizard Run 0 Options --------- ASCII 1 Keyboard 1 Movement Vi Keybinds 0 Fullscreen 2 Font 18/SmallcapsGlow Map View 76x50 Tactical HUD 1 Map Filters SATURATION(72) Filters SATURATION(72) Steam 1 RUN: 6486ffbb-6cec-4d45-8835-5ae98c399847